 Dungeon Crawl Stone Soup version 0.24.0-124-g2791043dd8 (webtiles) character file.

Game seed: 11395251227339037996, levelgen mode: deterministic

37031 Martska the Grappler (level 13, -7/131 HPs)
             Began as a Troll Monk on Feb 16, 2020.
             Was a High Priest of Makhleb.
             Mangled by a seven-headed hydra (15 damage)
             ... on level 5 of the Lair of Beasts.
             The game lasted 01:05:06 (14429 turns).

Martska the Grappler (Troll Monk)                  Turns: 14429, Time: 01:05:06

Health: -7/131     AC:  6    Str: 26    XL:     13   Next: 56%
Magic:  16/16      EV:  6    Int:  6    God:    Makhleb [*****.]
Gold:   844        SH: 20    Dex: 12    Spells: 12/12 levels left

rFire    . . .     SeeInvis .     - Unarmed
rCold    . . .     Gourm    +   I - +1 large shield {rPois}
rNeg     . . .     Faith    .   a - +0 robe
rPois    +         Spirit   .   (helmet restricted)
rElec    .         Reflect  +   (no cloak)
rCorr    .         Harm     .   (gloves unavailable)
MR       .....                  (boots unavailable)
Stlth    ++........             o - +3 amulet of reflection
HPRegen  0.71/turn              l - ring of stealth
MPRegen  0.15/turn              t - +5 ring of slaying

@: constricted, heavily drained
A: large, unfitting armour, claws 3, fast metabolism 3, gourmand, regeneration
1, shaggy fur 1, tough skin 3
a: Minor Destruction, Lesser Servant of Makhleb, Major Destruction, Greater
Servant of Makhleb, Renounce Religion


You were on level 5 of the Lair of Beasts.
You worshipped Makhleb.
Makhleb was extremely pleased with you.
You were not hungry.

You visited 3 branches of the dungeon, and saw 15 of its levels.
You also visited: Ossuary.

You collected 1016 gold pieces.
You spent 172 gold pieces at shops.

Inventory:

Hand Weapons
 x - a +5 whip of flaming
Missiles
 W - 123 stones (quivered)
Armour
 a - a +0 robe (worn)
 I - a +1 large shield of poison resistance (worn)
Jewellery
 l - a ring of stealth (left claw)
 m - an uncursed ring of protection from cold
 o - a +3 amulet of reflection (around neck)
 t - a +5 ring of slaying (right claw)
 P - an uncursed ring of protection from fire
Wands
 c - a wand of polymorph (9)
 j - a wand of digging (7)
 G - a wand of paralysis (19)
 H - a wand of flame (17)
 V - a wand of random effects (14)
Scrolls
 e - 2 scrolls of magic mapping
 g - 19 scrolls of remove curse
 k - 4 scrolls of immolation
 A - a scroll of teleportation
 B - a scroll of silence
 C - a scroll of vulnerability
 D - 3 scrolls of amnesia
 F - 3 scrolls of random uselessness
 J - a scroll of fog
 K - a scroll of brand weapon {unknown}
 R - a scroll of torment {unknown}
 T - 2 scrolls of holy word {unknown}
 Y - a scroll of enchant armour {unknown}
Potions
 d - 4 potions of brilliance
 f - a potion of cancellation
 h - 4 potions of curing
 i - 4 potions of degeneration
 n - 6 potions of ambrosia
 p - 4 potions of agility
 r - a potion of magic {unknown}
 s - 2 potions of flight
 w - 4 potions of might
 z - 3 potions of mutation
 E - 3 potions of haste
 O - 2 potions of heal wounds {unknown}
 U - 2 potions of resistance {unknown}
 X - 2 potions of lignification {unknown}
Miscellaneous
 Q - a lightning rod (4/4)
Comestibles
 b - 13 rations


   Skills:
 * Level 9.4(7.8) Fighting
 - Level 3.0(1.6) Maces & Flails
 - Level 5.0(3.6) Armour
 + Level 7.2(5.7) Dodging
 - Level 1.0(0.0) Stealth
 + Level 7.3(5.8) Shields
 * Level 13.4(11.6) Unarmed Combat
 + Level 5.9(4.5) Invocations
 + Level 4.4(3.0) Evocations


You had 12 spell levels left.
You didn't know any spells.
Your spell library contained the following spells:

 Spells                   Type           Power        Failure   Level  Hunger
 Corona                   Hex            #......      98%         1    ##.....
 Magic Dart               Conj           #...         98%         1    ##.....
 Ensorcelled Hibernation  Hex/Ice        #.....       99%         2    ###....
 Searing Ray              Conj           #.....       99%         2    ###....
 Confuse                  Hex            #.......     100%        3    ####...
 Dazzling Spray           Conj/Hex       #.....       100%        3    ####...
 Ignite Poison            Fire/Tmut/Pois #.......     100%        3    ####...
 Tukima's Dance           Hex            #.......     100%        3    ####...
 Force Lance              Conj/Tloc      #.......     100%        4    #####..
 Fulminant Prism          Conj/Hex       #.........   100%        4    #####..
 Iskenderun's Mystic Bla  Conj           #.......     100%        4    #####..
 Fireball                 Conj/Fire      #.........   100%        5    ######.
 Bolt of Fire             Conj/Fire      #.........   100%        6    #######
 Ring of Flames           Chrm/Fire      #.........   100%        7    #######
 Ignition                 Fire           #.........   100%        8    #######


Dungeon Overview and Level Annotations

Branches:
Dungeon (8/15)             Temple (1/1) D:6            Lair (6/6) D:8
 Shoals (0/4) Lair:4        Snake (0/4) Lair:4        Slime (0/5) Lair:5
Ossuary (visited)

Altars:
Ashenzari
Cheibriados
Dithmenos
Elyvilon
Fedhas
Gozag
Hepliaklqana
Kikubaaqudgha
Makhleb
Nemelex Xobeh
Okawaru
Qazlal
Ru
Sif Muna
Trog
Uskayaw
Wu Jian
Xom
Yredelemnul
Zin
The Shining One
Jiyva
Lugonu

Shops:
D:7 =[[}

Annotations:
D:2 1 runed translucent door, Crazy Yiuf
Lair:5 Gynju's ghost, journeyman GrFi
Lair:6 exclusion: oklob plant


Innate Abilities, Weirdness & Mutations

You are too large for most types of armour.
You have claws for hands.
Your metabolism is lightning-fast.
You like to eat raw meat.
Your natural rate of healing is unusually fast.
You are covered in fur. (AC +1)
You have extremely tough skin. (AC +3)


Message History

The seven-headed hydra bites you!
* * * LOW HITPOINT WARNING * * *
You block the seven-headed hydra's attack.
The seven-headed hydra barely misses you. x2
The seven-headed hydra bites you!
* * * LOW HITPOINT WARNING * * *
The seven-headed hydra bites you!
* * * LOW HITPOINT WARNING * * *
You climb downwards.
There is a stone staircase leading up here.
You can't go down here!
You block the anaconda's attack.
The anaconda bites you but does no damage.
You block the yak's attack. The anaconda grabs you.
You stop ascending the stairs.
You block the anaconda's attack.
* * * LOW HITPOINT WARNING * * *
The anaconda constricts you.
Gynju's ghost hits you but does no damage.
You feel drained. The seven-headed hydra bites you!
You die...

####.##....#### ##..#
###....###P# #....
##........# ##...
#.#.......## #..P
##......).#.# ##P.
####.#........## #..
#.............## ##.
#..D.S.......#.# ##
#..#@.........####
###.#.WY..#.#...P..####
#.#..#.....##.........#
##......######.....#...
#..P...## #.........
#...#...## #....P###.
##..##...## #P...###P.
##.###...# ##..## ##.
####.#..## #### #.


You could see a seven-headed hydra, an anaconda, a yak and Gynju's ghost.

Vanquished Creatures
  2 hydras
  7 death yaks
  Pikel (D:5)
  A lindwurm (Lair:6)
  7 elephants
  3 black mambas
  2 rime drakes (Lair:5)
  8 spiny frogs
  4 komodo dragons
  5 polar bears
  4 hornets (Lair:6)
  5 hippogriffs
  13 blink frogs
  6 dream sheep (Lair:6)
  2 wyverns
  10 spriggans (Lair:6)
  2 basilisks
  14 yaks
  2 nagas (Lair:4)
  9 water moccasins
  16 porcupines
  A sky beast (D:7)
  10 black bears
  2 orc warriors
  10 ice beasts
  2 ogres
  5 boggarts (Lair:6)
  A slave (D:5)
  30 wolves
  3 centaurs
  14 crocodiles
  5 bullfrogs
  3 water moccasin zombies (Ossuary)
  A wyvern skeleton (D:6)
  4 scorpions
  A water moccasin skeleton (D:4)
  6 crimson imps
  A centaur skeleton (D:5)
  3 hounds
  An orc wizard (D:4)
  A bullfrog skeleton (D:7)
  An iguana (D:6)
  4 hell rats (Lair:6)
  Terence (D:3)
  6 worker ants
  2 big kobold zombies (Ossuary)
  A hound skeleton (D:4)
  3 mummies
  Robin (D:3)
  2 worker ant zombies
  18 gnolls
  11 adders
  2 oozes
  5 adder zombies
  An adder skeleton (D:4)
  3 worms
  2 dart slugs
  7 leopard geckos
  12 orcs
  5 giant cockroaches
  12 goblins
  6 hobgoblins
  5 jackals
  7 kobolds
  3 quokkas
  7 ball pythons
  4 bats
  9 frilled lizards
  9 hobgoblin zombies (Ossuary)
  8 kobold zombies
  A leopard gecko skeleton (D:4)
  4 orc zombies
  9 rats
  A demonic plant (Temple)
  A fungus (Lair:3)
  2 plants
402 creatures vanquished.

Vanquished Creatures (collateral kills)
  3 hydras
  2 death yaks (Lair:5)
  2 blink frogs (Lair:6)
7 creatures vanquished.

Vanquished Creatures (others)
  A slave (D:5)
  7 fungi
  9 plants
17 creatures vanquished.

Grand Total: 426 creatures vanquished

Notes
Turn   | Place    | Note
-------+----------+-------------------------------------------
     0 | D:1      | Martska the Troll Monk began the quest for the Orb.
     0 | D:1      | Reached XP level 1. HP: 22/22 MP: 0/0
   181 | D:1      | Reached XP level 2. HP: 29/29 MP: 1/1
   567 | D:2      | Found an opulent altar of Gozag.
   898 | D:2      | Reached XP level 3. HP: 36/36 MP: 2/2
   939 | D:2      | Found a blossoming altar of Fedhas.
   965 | D:2      | Reached skill level 4 in Unarmed Combat
   970 | D:2      | Reached XP level 4. HP: 39/45 MP: 3/3
  1015 | D:2      | Found a hazy altar of Hepliaklqana.
  1312 | D:2      | Found a runed translucent door.
  1313 | D:2      | Noticed Crazy Yiuf
  1610 | D:3      | Found a glowing silver altar of Zin.
  1882 | D:3      | Reached XP level 5. HP: 48/53 MP: 4/4
  2050 | D:3      | Noticed Robin
  2062 | D:3      | Killed Robin
  2062 | D:3      | Reached skill level 5 in Unarmed Combat
  2571 | D:3      | Noticed Terence
  2581 | D:3      | Killed Terence
  2858 | D:4      | Reached XP level 6. HP: 47/61 MP: 5/5
  2989 | D:4      | Reached skill level 6 in Unarmed Combat
  3241 | D:5      | Entered Level 5 of the Dungeon
  3241 | D:5      | Noticed a slave
  3242 | D:5      | Noticed a slave
  3243 | D:5      | Noticed a slave
  3244 | D:5      | Noticed Pikel
  3246 | D:5      | Noticed an ice beast
  3247 | D:5      | Killed a slave
  3248 | D:5      | Noticed a slave
  3255 | D:5      | Killed Pikel
  3255 | D:5      | Reached skill level 8 in Unarmed Combat
  3255 | D:5      | Reached XP level 7. HP: 52/68 MP: 6/6
  3361 | D:5      | Reached XP level 8. HP: 78/78 MP: 7/7
  3631 | D:5      | Reached skill level 9 in Unarmed Combat
  3678 | D:5      | Found a sand-covered staircase.
  3687 | Ossuary  | Entered an ossuary
  4648 | D:6      | Found a staircase to the Ecumenical Temple.
  4658 | Temple   | Entered the Ecumenical Temple
  4815 | D:6      | Reached skill level 1 in Armour
  4815 | D:6      | Reached skill level 10 in Unarmed Combat
  5152 | D:6      | Reached XP level 9. HP: 87/87 MP: 8/8
  5332 | D:7      | Found Etuvvub's Antique Armour Boutique.
  5371 | D:7      | Reached skill level 5 in Fighting
  5385 | D:7      | Bought a glowing large shield for 172 gold pieces
  5449 | D:7      | Found a bloodstained altar of Trog.
  5449 | D:7      | Found a stormy altar of Qazlal.
  5456 | D:7      | Found a burning altar of Makhleb.
  5458 | D:7      | Found a sparkling altar of Nemelex Xobeh.
  5460 | D:7      | Found an iron altar of Okawaru.
  5463 | D:7      | Became a worshipper of Makhleb the Destroyer
  5463 | D:7      | Reached * piety under Makhleb
  5463 | D:7      | Reached ** piety under Makhleb
  5503 | D:7      | Found Diofrial's Jewellery Emporium.
  5504 | D:7      | Found Astreruno's Distillery.
  5610 | D:7      | Found Nompibbu's Armour Emporium.
  5634 | D:7      | Reached skill level 1 in Shields
  5657 | D:7      | Found a glowing golden altar of the Shining One.
  5765 | D:7      | Reached skill level 1 in Invocations
  5770 | D:7      | Found Zops's Gadget Boutique.
  6195 | D:8      | Found a shadowy altar of Dithmenos.
  6196 | D:8      | Found a white marble altar of Elyvilon.
  6196 | D:8      | Found a snail-covered altar of Cheibriados.
  6197 | D:8      | Found an ancient bone altar of Kikubaaqudgha.
  6201 | D:8      | Found a shattered altar of Ashenzari.
  6317 | D:8      | Found a staircase to the Lair.
  6330 | Lair:1   | Entered Level 1 of the Lair of Beasts
  6441 | Lair:1   | Noticed a komodo dragon
  6445 | Lair:1   | Killed a komodo dragon
  6608 | Lair:1   | Reached XP level 10. HP: 98/98 MP: 10/10
  6965 | Lair:2   | Reached skill level 5 in Dodging
  6971 | Lair:2   | Noticed a spiny frog
  6978 | Lair:2   | Killed a spiny frog
  6978 | Lair:2   | Reached skill level 1 in Maces & Flails
  7030 | Lair:2   | Reached skill level 11 in Unarmed Combat
  7324 | Lair:2   | Reached skill level 1 in Evocations
  7461 | Lair:2   | Noticed a spiny frog
  7472 | Lair:2   | Killed a spiny frog
  7474 | Lair:2   | You fall into a shaft and drop 2 floors!
  7487 | Lair:4   | Noticed a black mamba
  7501 | Lair:4   | Killed a black mamba
  7663 | Lair:2   | Reached XP level 11. HP: 90/107 MP: 12/12
  7761 | Lair:2   | Reached *** piety under Makhleb
  8304 | Lair:3   | Noticed an eight-headed hydra
  9172 | Lair:4   | Found a staircase to the Snake Pit.
  9257 | Lair:4   | Noticed a six-headed hydra
  9263 | Lair:4   | Noticed Gynju's ghost (journeyman GrFi)
  9387 | Lair:4   | Noticed an anaconda
  9388 | Lair:4   | Found a runed translucent gate.
  9389 | Lair:4   | Found a runed translucent gate.
  9390 | Lair:4   | Found a runed translucent gate.
  9401 | Lair:4   | Noticed a seven-headed hydra
  9597 | Lair:4   | Found a staircase to the Shoals.
  9927 | Lair:4   | Reached skill level 5 in Shields
 10602 | Lair:4   | Reached skill level 12 in Unarmed Combat
 10685 | Lair:5   | Found a viscous altar of Jiyva.
 10685 | Lair:5   | Found a staircase to the Slime Pits.
 10717 | Lair:5   | Noticed a seven-headed hydra
 10865 | Lair:5   | Reached XP level 12. HP: 82/119 MP: 14/14
 10979 | Lair:5   | HP: 4/119 [seven-headed hydra (11)]
 10981 | Lair:5   | Killed a seven-headed hydra
 11199 | Lair:3   | Killed an eight-headed hydra
 11529 | Lair:5   | Noticed a five-headed hydra
 11531 | Lair:5   | Noticed a seven-headed hydra
 11557 | Lair:4   | Killed a five-headed hydra
 11819 | Lair:4   | Killed a seven-headed hydra
 11952 | Lair:5   | Noticed a four-headed hydra
 11964 | Lair:5   | Killed a four-headed hydra
 12346 | Lair:6   | Entered Level 6 of the Lair of Beasts
 12346 | Lair:6   | Noticed a death yak
 12346 | Lair:6   | Noticed a death yak
 12346 | Lair:6   | Noticed a death yak
 12348 | Lair:6   | Noticed a death yak
 12488 | Lair:6   | Killed a death yak
 12677 | Lair:6   | Reached skill level 5 in Invocations
 12685 | Lair:6   | Reached **** piety under Makhleb
 12733 | Lair:6   | Killed a death yak
 12733 | Lair:6   | Reached skill level 5 in Armour
 12897 | Lair:5   | Killed a death yak
 12905 | Lair:5   | Killed a death yak
 12982 | Lair:5   | Reached XP level 13. HP: 118/128 MP: 15/15
 13287 | Lair:5   | Reached skill level 13 in Unarmed Combat
 13890 | Lair:6   | Reached ***** piety under Makhleb
 14429 | Lair:5   | Mangled by a seven-headed hydra

Levels and vault maps discovered:
D:1:      dpeg_arrival_rooms_with_view, layout_basic
D:2:      layout_loops_corners, old_standard_altar, lemuel_doored_altar,
          fedhas_altar_1, serial_glass, glass_columns_a, glass_columns_a,
          minmay_puff, uniq_crazy_yiuf_cottage
D:3:      layout_loops_corners, zin_academy, gup_sewer_entry_spiral,
          first_ration, minmay_diced_spiral, uniq_robin, uniq_terence
D:4:      layout_basic, minmay_snake_closets
D:5:      layout_basic, nicolae_ossuary_entry_giza, uniq_pikel
D:6:      layout_layer_cave, minmay_temple_entry_tees
D:7:      wander_river, layout_rooms, nicolae_tso_carved_into_rock,
          chequers_temple_overflow_minitemple, serial_shops,
          nicolae_shop_window_shopping, shop,
          nicolae_shop_temple_entry_statues_fountains, shop, shop
D:8:      layout_loops_corners, vehumet_crystals, minitemple,
          grunt_lair_entry_orc_guard_hut
Temple:   corrupted_temple
Lair:1:   layout_loops_ring, chequers_serial_rivers_large_b
Lair:2:   layout_regular_city, portal_ice_cave_entry_ice_beasts,
          beast_lair_carwin_10, grunt_megastairs_2
Lair:3:   layout_roguey, lemuel_fruit_fields
Lair:4:   layout_gridlike, elwin_shoals_entry_rocks,
          guppyfry_snake_entry_island, gammafunk_ghost_split
Lair:5:   layout_layer_cave, slime_altar_1, gauntlet_entry_generic
Lair:6:   minmay_lair_end_enchanted_forest, layout_gridlike

Skill      XL: |  1  2  3  4  5  6  7  8  9 10 11 12 13 |
---------------+----------------------------------------+-----
Unarmed Combat | 4 5 8 10 11 12 13 | 13.4
Fighting       | 3 4 5 6 7 8 9 |  9.4
Dodging        | 3 4 5 6 7 |  7.2
Armour         | 1 2 3 4 5 |  5.0
Shields        | 2 4 5 6 7 |  7.3
Invocations    | 1 3 4 5 |  5.9
Maces & Flails | 2 3 |  3.0
Evocations     | 1 2 3 4 |  4.4
Stealth        | |  1.0

Action                   |  1- 3 |  4- 6 |  7- 9 | 10-12 | 13-15 || total
-------------------------+-------+-------+-------+-------+-------++-------
Melee: Unarmed           |    67 |   199 |   241 |   447 |   214 ||  1168
       Punch             |       |     2 |    15 |       |       ||    17
       Whip              |       |       |       |    23 |       ||    23
Throw: Stone             |       |       |       |     2 |       ||     2
Invok: Lesser Servant of |       |       |       |    11 |     2 ||    13
Evoke: Wand              |       |       |       |    35 |       ||    35
  Use: Scroll            |       |     8 |     3 |    21 |     4 ||    36
       Potion            |       |       |       |     1 |       ||     1
 Stab: Sleeping          |     3 |     8 |    11 |     7 |       ||    29
       Distracted        |       |     1 |       |     2 |     1 ||     4
  Eat: Chunk             |     5 |    22 |    15 |    20 |     7 ||    69
       Ration            |       |       |     5 |    11 |     2 ||    18
Armor: Robe              |    20 |    46 |    55 |    71 |    24 ||   216
Dodge: Dodged            |    33 |    88 |    91 |   103 |    44 ||   359
Block: Other             |       |    21 |    29 |       |       ||    50
       Reflection        |       |     1 |     3 |       |     1 ||     5
       Large shield      |       |       |    66 |   503 |   228 ||   797
